AoeStats
← Glaukomflekn

Arena

506457672Analyzed
1v1 RM · 17d ago on Sep 13, 2026· 48m 27s· 2 players
Game mode
Random Map
Map size
Tiny (2 player)
Population
200
Speed
Normal
Resources
Standard
Victory
Conquest
Starting age
Dark Age
Ending age
Imperial Age
RankedLock teamsTeams togetherTeam positionsShared explorationLock speedFull tech treeHidden civsTurbo modeCheats
Victory
Defeat
🇹🇷 Turks · Türkiye
913
+17
🇨🇱 Tatars · Chile
928
-17
Glaukomflekn
11:02 Feudal Age
13:00 Loom
15:59 Castle Age
15:01 Double-Bit Axe
14:58 Horse Collar
18:17 Wheelbarrow
17:58 Bow Saw
18:45 Heavy Plow
21:40 Town Watch
26:31 Stone Mining
27:56 Gold Mining
28:26 Bloodlines
28:17 Husbandry
28:29 Scale Barding Armor
30:09 Gold Shaft Mining
34:17 Imperial Age
32:08 Hand Cart
33:43 Fletching
34:44 Forging
36:42 Chain Barding Armor
38:06 Conscription
38:37 Plate Barding Armor
38:38 Iron Casting
38:03 Bodkin Arrow
38:36 Elite Janissary
41:20 Blast Furnace
40:21 Bracer
43:25 Artillery
44:21 Padded Archer Armor
44:47 Ballistics
44:38 Masonry
44:39 Fortified Wall
cbastias.e
11:40 Feudal Age
12:44 Loom
15:45 Castle Age
13:44 Double-Bit Axe
15:46 Stone Mining
21:35 Bow Saw
21:52 Fletching
24:12 Horse Collar
24:42 Padded Archer Armor
26:02 Wheelbarrow
26:03 Gold Mining
27:07 Bodkin Arrow
27:38 Ballistics
27:47 Forging
29:08 Scale Barding Armor
29:53 Gold Shaft Mining
29:08 Town Watch
29:50 Hand Cart
29:39 Bodkin Arrow
31:30 Leather Archer Armor
31:39 Silk Armor
35:54 Imperial Age
34:24 Iron Casting
34:01 Heavy Plow
36:21 Chain Barding Armor
36:19 Elite Keshik
38:29 Blast Furnace
38:38 Conscription
39:47 Timurid Siegecraft
40:24 Crop Rotation
39:58 Heavy Cavalry Archer
40:41 Bracer
43:54 Chemistry
Connection lost

Rejoining the realm…

Still unreachable

The connection could not be restored.

Session expired

The server has moved on; the page needs a fresh start.